 Dungeon Crawl Stone Soup version 0.29.1-15-g9cfb28693d (webtiles) character file.

Game seed: 16479601953844192832

110 BuddhaDhamma the Chopper (level 4, -2/39 HPs)
             Began as a Minotaur Berserker on Mar 24, 2023.
             Was a Believer of Trog.
             Slain by a hound (4 damage)
             ... on level 4 of the Dungeon.
             The game lasted 00:04:36 (3068 turns).

BuddhaDhamma the Chopper (Minotaur Berserker)       Turns: 3068, Time: 00:04:37

Health: -2/39      AC:  4    Str: 24    XL:     4   Next: 61%
Magic:  3/3        EV: 15    Int:  4    God:    Trog [**....]
Gold:   159        SH:  0    Dex:  9    Spells: 3/3 levels left

rFire   . . .      SeeInvis +   o - +0 war axe
rCold   . . .      Faith    .   (no shield)
rNeg    . . .      Spirit   .   s - +0 leather armour
rPois   .          Reflect  .   (helmet restricted)
rElec   .          Harm     .   (no cloak)
rCorr   .          Rampage  .   a - +0 pair of gloves
Will    .....                   (no boots)
Stlth   +.........              (no amulet)
HPRegen 0.13/turn               d - ring of see invisible
MPRegen 0.08/turn               m - +4 ring of evasion

@: no status effects
A: horns 2, retaliatory headbutt
a: Renounce Religion, Berserk, Trog's Hand


You were on level 4 of the Dungeon.
You worshipped Trog.
Trog was pleased with you.
You visited 1 branch of the dungeon, and saw 4 of its levels.

You collected 159 gold pieces.

Inventory:

Hand Weapons
 o - a +0 war axe (weapon)
Armour
 a - a +0 pair of gloves (worn)
 s - a +0 leather armour (worn)
Jewellery
 d - a ring of see invisible (left hand)
 m - a +4 ring of evasion (right hand)
Scrolls
 e - 2 scrolls of immolation {unknown}
 f - 5 scrolls of identify {unknown}
 g - a scroll of teleportation {unknown}
 j - a scroll of vulnerability {unknown}
 k - a scroll of enchant armour {unknown}
 n - 2 scrolls of blinking {unknown}
 p - a scroll of fear {unknown}
 r - 3 scrolls of amnesia {unknown}
Potions
 c - 3 potions of curing {unknown}
 h - 3 potions of mutation {unknown}
 i - a potion of ambrosia {unknown}
 l - a potion of attraction {unknown}
 q - 2 potions of heal wounds {unknown}


   Skills:
 - Level 3.6 Fighting
 + Level 6.6 Axes
 - Level 2.4 Armour
 - Level 2.1 Dodging


You had 3 spell levels left.
You didn't know any spells.
Your spell library was empty.

Dungeon Overview and Level Annotations

Branches:
Dungeon (4/15)
 Temple: D:4-7

Altars:
Okawaru

Shops:
D:2 ![=

Annotations:
D:4 3 runed translucent doors, mkat's ghost, novice TrAM


Innate Abilities, Weirdness & Mutations

You have a pair of horns on your head.
You reflexively headbutt those who attack you in melee.


Message History

You barely miss the jackal. The jackal misses you. The hound barely misses you.
The jackal bites you but does no damage.
The iguana closely misses you. You furiously retaliate!
You headbutt the iguana. You closely miss the hound.
You hit the iguana but do no damage. You hit the jackal but do no damage.
The hound bites you but does no damage.
The jackal bites you but does no damage.
The hound barely misses you. The iguana completely misses you.
The jackal closely misses you. You furiously retaliate!
You headbutt the jackal!
You kill the jackal!
Trog accepts your kill.
You completely miss the hound. You headbutt the hound.
The hound is moderately wounded.
You hit the iguana. The hound closely misses you. The iguana misses you.
The hound misses you.
You hit the hound.
You headbutt the hound, but do no damage.
The hound is heavily wounded.
You hit the jackal. You slash the iguana! The jackal completely misses you.
You furiously retaliate!
You headbutt the jackal!
You kill the jackal!
Trog accepts your kill. The hound bites you. The iguana bites you!
The hound bites you but does no damage.
You closely miss the hound. You headbutt the hound.
The hound is heavily wounded.
You barely miss the iguana. The iguana misses you. The hound bites you.
You closely miss the hound. Your headbutt misses the hound.
The hound is heavily wounded.
You hit the iguana. The hound closely misses you. The iguana bites you!
* * * LOW HITPOINT WARNING * * *
The hound bites you.
* * * LOW HITPOINT WARNING * * *
The iguana barely misses you.
You closely miss the hound. You headbutt the hound!
The hound is severely wounded.
You completely miss the iguana. The hound barely misses you.
The hound bites you.
You die...

# .# ... #. ... #. ### ... #. ..#
#.# ##..####. #.# #.#
........l###.# #.# ........h@.#.#
#.# ###
#######.##.##.#.#.#.###.###.#####
......#.# #..........#.......
#####.#.# #.######........###
#####.#.##^##.#. #.........####
#.............. #............#
#.##.##.#####.. #.........##.#
#.##.# # #.. ###....#......
##.##.# ####....##.....


You could see an iguana and a hound.

Vanquished Creatures
  3 adders
  An adder zombie (D:2)
  3 worms (D:2)
  A dart slug (D:4)
  4 orcs (D:3)
  9 endoplasms
  2 giant cockroaches
  8 goblins
  6 hobgoblins
  3 jackals (D:4)
  3 kobolds
  3 quokkas
  3 ball pythons
  2 ball python skeletons (D:2)
  2 bats (D:3)
  4 frilled lizards
  A jackal skeleton (D:2)
  A jackal zombie (D:2)
  2 rats (D:2)
61 creatures vanquished.

Notes
Turn   | Place    | Note
-------+----------+-------------------------------------------
     0 | D:1      | BuddhaDhamma the Minotaur Berserker began the quest for the
                  | Orb.
     0 | D:1      | Reached XP level 1. HP: 19/19 MP: 0/0
   170 | D:1      | Reached skill level 4 in Axes
   278 | D:1      | Reached XP level 2. HP: 26/26 MP: 1/1
   956 | D:2      | Reached skill level 5 in Axes
   984 | D:2      | Found Nelat's Jewellery Shoppe.
   997 | D:2      | Reached XP level 3. HP: 19/31 MP: 2/2
  1430 | D:2      | Found Cumebuq's Distillery.
  1713 | D:2      | Found Kiatwus's Armour Boutique.
  1861 | D:2      | Reached ** piety under Trog
  2138 | D:2      | Found a faded altar of an unknown god.
  2480 | D:3      | Reached XP level 4. HP: 30/39 MP: 3/3
  2482 | D:3      | Reached skill level 6 in Axes
  2803 | D:3      | Found an iron altar of Okawaru.
  2899 | D:4      | Found a runed translucent gate.
  2899 | D:4      | Noticed mkat's ghost (novice TrAM)
  2900 | D:4      | Found a runed translucent gate.
  2901 | D:4      | Found a runed translucent gate.
  3068 | D:4      | Slain by a hound

Illustrated notes

Levels and vault maps discovered:
D:1:      arrival_zaba_pyramid, layout_basic
D:2:      layout_loops_cross, serial_undead, serial_undead_a, serial_undead_a,
          serial_undead_d, serial_undead_c, serial_undead_a, serial_undead_c,
          serial_shops, shop, shop, shop_fountains,
          shapermc_ecumenical_altar_mp_vishouse
D:3:      layout_rooms, marbit_many_paths, moated_statue
D:4:      layout_loops_cross, gammafunk_ghost_split

Skill      XL: |  1  2  3  4 |
---------------+-------------+-----
Axes           | 4 5 6 |  6.6
Fighting       | |  3.6
Armour         | |  2.4
Dodging        | |  2.1

Action                   |  1- 3 |  4- 6 || total
-------------------------+-------+-------++-------
Melee: Hand axe          |    87 |       ||    87
       Headbutt          |    10 |     8 ||    18
       Punch             |     2 |     1 ||     3
       War axe           |     4 |    34 ||    38
Invok: Berserk           |     1 |       ||     1
 Stab: Sleeping          |     1 |       ||     1
Armor: Animal skin       |     7 |     2 ||     9
       Leather armour    |       |     5 ||     5
Dodge: Dodged            |    51 |    34 ||    85
